 Dungeon Crawl Stone Soup version 0.27-a0-404-g4390dbc5be (webtiles) character file.

Game seed: 10194052027121766403

67 CurlyBrace the Caller (level 4, 9/21 HPs)
             Began as a Felid Summoner on Feb 22, 2021.
             Quit the game on level 3 of the Dungeon.
             The game lasted 00:11:47 (1090 turns).

CurlyBrace the Caller (Felid Summoner)              Turns: 1090, Time: 00:11:48

Health: 9/21       AC:  1    Str:  5    XL:     4   Next: 0%
Magic:  8/8        EV: 18    Int: 16    God:
Gold:   70         SH:  0    Dex: 16    Spells: 4/7 levels left
                                        Lives:  0   Deaths: 1

rFire    . . .     SeeInvis +     - Unarmed
rCold    . . .     Faith    .   (shield unavailable)
rNeg     . . .     Spirit   .   (armour unavailable)
rPois    .         Reflect  .   (helmet unavailable)
rElec    .         Harm     .   (cloak unavailable)
rCorr    .         Rampage  .   (gloves unavailable)
Will     .....                  (boots unavailable)
Stlth    +++.......             (no amulet)
HPRegen  0.07/turn              (no ring)
MPRegen  0.11/turn              (no ring)

@: quick
A: very small, no armour, no weapons or thrown items, stealth, claws 1, fangs 3,
see invisible, speed 1, shaggy fur 1, sharp paws
a: no special abilities


You were on level 3 of the Dungeon.
You visited 1 branch of the dungeon, and saw 5 of its levels.

You collected 70 gold pieces.

Inventory:

Scrolls
 a - a scroll of fog
 c - a scroll of immolation
 r - a scroll of identify


   Skills:
 + Level 3.0 Fighting
 - Level 3.0 Dodging
 - Level 3.0 Stealth
 + Level 3.0 Unarmed Combat
 - Level 2.0 Spellcasting
 - Level 4.0 Summonings


You had 4 spell levels left.
You knew the following spells:

 Your Spells              Type           Power        Failure   Level
a - Summon Small Mammal   Summ           56%          4%          1
b - Call Imp              Summ           14%          6%          2

Your spell library contained the following spells:

 Spells                   Type           Power        Failure   Level
 Call Canine Familiar     Summ           14%          12%         3
 Summon Guardian Golem    Hex/Summ       8%           26%         3
 Summon Ice Beast         Ice/Summ       8%           65%         4
 Summon Lightning Spire   Summ/Air       8%           65%         4


Dungeon Overview and Level Annotations

Branches:
Dungeon (5/15)
 Temple: D:4-7

Altars:
Dithmenos
Nemelex Xobeh
Ru
Sif Muna
Vehumet

Annotations:
D:4 Sigmund


Innate Abilities, Weirdness & Mutations

You cannot wear armour.
You are incapable of wielding weapons or throwing items.
Your paws allow you to move quietly. (Stealth)
You have sharp claws.
You have razor-sharp teeth.
You have supernaturally acute eyesight. (SInv)
You cover ground quickly.
You are covered in fur. (AC +1)
Your sharp claws are effective at attacking unaware monsters.


Message History

You barely miss the quokka.
The quokka is lightly wounded.
The quokka barely misses you. The quokka bites you.
Unknown command.
You are too injured to fight recklessly!
Unknown command.
You are too injured to fight recklessly!
Unknown command.
You are too injured to fight recklessly!
Unknown command.
You are too injured to fight recklessly!
You scratch the quokka.
The quokka is almost dead.
The quokka barely misses you.
Unknown command.
Unknown command.
You barely miss the quokka.
The quokka is almost dead.
The quokka bites you.
Unknown command.
Unknown command.
You scratch the quokka.
The quokka is almost dead.
The quokka misses you.
Unknown command.
Unknown command.
You scratch the quokka.
You kill the quokka!
Welcome back to level 4!
Unknown command.
Unknown command.
There is a stone staircase leading up here.
You see here a scroll of identify.
r - a scroll of identify
There is a stone staircase leading up here.
The iguana hisses angrily.
You climb upwards.
There is a stone staircase leading down here.
Unknown command.
Are you sure you want to abandon this character and quit the game? (Confirm with "yes".)

.....# ###..._.
...#.# #.......
...#.# ###.......
.....# #..)._..⌠.
.....# #.........
.....# #.........
..##... #######
######....... ...
##. #.....#
#........#... .#.#
#@# #.#####.##..#
#.# #.# #r#.).# #.#
#.# #.#.#..
.#.####.#####.#...#
#.............##..#
#.###..########..#
.## #.##.. .....# #
#.##.# ###.. #.##.#
######


There were no monsters in sight!

Vanquished Creatures
  An iguana (D:4)
  A hound skeleton (D:5)
  3 gnolls (D:4)
  An ufetubus (D:4)
  An orc (D:4)
  4 giant cockroaches
  A goblin (D:3)
  A hobgoblin (D:3)
  A quokka (D:4)
  2 frilled lizards
16 creatures vanquished.

Vanquished Creatures (collateral kills)
  An ogre (D:4)
  An iguana (D:4)
  An adder (D:2)
  A leopard gecko (D:3)
  A kobold (D:2)
  A frilled lizard (D:2)
6 creatures vanquished.

Vanquished Creatures (others)
  3 plants (D:4)
3 creatures vanquished.

Grand Total: 25 creatures vanquished

Notes
Turn   | Place    | Note
-------+----------+-------------------------------------------
     0 | D:1      | CurlyBrace the Felid Summoner began the quest for the Orb.
     0 | D:1      | Reached XP level 1. HP: 7/7 MP: 4/4
    89 | D:2      | Reached XP level 2. HP: 7/12 MP: 1/6
   144 | D:2      | Learned a level 2 spell: Call Imp
   175 | D:3      | Found a sacrificial altar of Ru.
   175 | D:3      | Found a sparkling altar of Nemelex Xobeh.
   176 | D:3      | Found a shadowy altar of Dithmenos.
   185 | D:3      | Reached skill level 1 in Unarmed Combat
   187 | D:3      | Reached skill level 1 in Fighting
   556 | D:4      | Noticed an ogre
   565 | D:4      | Reached XP level 3. HP: 8/15 MP: 5/7
   568 | D:4      | Found a radiant altar of Vehumet.
   578 | D:4      | Killed an ogre
   579 | D:4      | Reached XP level 4. HP: 11/19 MP: 1/8
   755 | D:5      | Entered Level 5 of the Dungeon
   769 | D:3      | Found a shimmering blue altar of Sif Muna.
   798 | D:5      | Noticed a centaur
   984 | D:5      | Noticed Sigmund
  1009 | D:4      | HP: 1/21 [ufetubus (2)]
  1034 | D:4      | Slain by a howler monkey zombie
  1035 | D:4      | Reached XP level 3. HP: -2/17 MP: 6/7
  1064 | D:4      | Reached XP level 4. HP: 8/21 MP: 8/8
  1090 | D:3      | Quit the game

Illustrated notes

Levels and vault maps discovered:
D:1:      dpeg_arrival_castle, layout_basic, st_stairs_3
D:2:      layout_loops_ring, general_overflow_altar, serial_bayou_crossing
D:3:      lemuel_upstairs_altar, layout_loops_ring, grunt_temple_overflow_open,
          lemuel_coloured_pillars_altar
D:4:      layout_basic, kennysheep_mini_moat, serial_bayou_lagoon_b
D:5:      layout_rooms, minmay_temple_entry_large_hall, gammafunk_ghost_smash,
          minmay_misc_feat_alley, uniq_grinder, uniq_blork_the_orc, uniq_sigmund

Skill      XL: |  1  2  3  4 |
---------------+-------------+-----
Stealth        | 3 |  3.0
Unarmed Combat | 1 2 3 |  3.0
Fighting       | 1 2 3 |  3.0
Dodging        | 3 |  3.0
Spellcasting   | |  2.0
Summonings     | |  4.0

Action                   |  1- 3 |  4- 6 || total
-------------------------+-------+-------++-------
Melee: Unarmed           |    40 |    36 ||    76
       Bite              |     2 |     2 ||     4
 Cast: Summon Small Mamm |    20 |    14 ||    34
  Use: Potion            |     4 |     3 ||     7
       Scroll            |     1 |     4 ||     5
 Stab: Sleeping          |     2 |     4 ||     6
       Distracted        |     1 |       ||     1
Armor: Skin              |     1 |     3 ||     4
Dodge: Dodged            |    36 |    70 ||   106

Table legend: (Time is in decaauts)
 A = Elapsed time spent in this place.
 B = Non-inter-level travel time spent in this place.
 C = Inter-level travel time spent in this place.
 D = Time resting spent in this place.
 E = Time spent auto-exploring this place.
 F = Levels seen in this place.
 G = Mean time per level.
                   A        B        C        D        E       F      G
               +--------+--------+--------+--------+--------+-----+--------+
         Total |    904 |    857 |     47 |      0 |      0 |   5 |  180.8 |
       Dungeon |    904 |    857 |     47 |      0 |      0 |   5 |  180.8 |
               +--------+--------+--------+--------+--------+-----+--------+

Top non-repeatable levels by time:
     D:4: 431 daAuts
     D:3: 292 daAuts
     D:2: 124 daAuts
     D:5: 47 daAuts
     D:1: 8 daAuts
